 Dungeon Crawl Stone Soup version 0.30.0-19-g36f170ea60 (webtiles) character file.

Game seed: 1748320769494951845

4083 growler the Martial Artist (level 10, 0/76 HPs)
             Began as a Merfolk Transmuter on May 26, 2023.
             Was a Believer of Wu Jian.
             Slain by a troll (12 damage)
             ... on level 8 of the Dungeon.
             The game lasted 00:19:05 (8012 turns).

growler the Martial Artist (Merfolk Transmuter)     Turns: 8012, Time: 00:19:06

Health: 0/76       AC:  2    Str: 11    XL:     10   Next: 25%
Magic:  14/16      EV: 23    Int: 21    God:    Wu Jian [**....]
Gold:   519        SH:  0    Dex: 21    Spells: 7/17 levels left

rFire   . .          .
                       - Unarmed
rCold   . . .        (shield currently unavailable)
rNeg    + . .        y - melded +1 steam dragon scales
rPois   x            n - melded +0 helmet
rElec   .            (cloak currently unavailable)
rCorr   .            (gloves currently unavailable)
SInv    .            (boots currently unavailable)
Will    .....        (no amulet)
Stlth   +++          k - ring of positive energy
HPRegen 0.32/turn    h - +6 ring of intelligence
MPRegen 0.15/turn

%: no passive effects
@: spider-form, wereblooded (expiring)
A: venomous fangs, tiny, (nimble swimmer 2), (mertail)
a: End Transformation, Renounce Religion, Wall Jump


You were on level 8 of the Dungeon.
You worshipped Wu Jian.
Wu Jian was pleased with you.
You were a venomous arachnid creature.
You visited 2 branches of the dungeon, and saw 9 of its levels.

You collected 519 gold pieces.

Inventory:

Armour
 n - a +0 helmet (melded)
 y - +1 steam dragon scales (melded)
Jewellery
 h - a +6 ring of intelligence (right front pincers)
 k - a ring of positive energy (left front pincers)
 q - an amulet of reflection
 v - a ring of wizardry
Scrolls
 c - 2 scrolls of vulnerability
 d - 13 scrolls of identify
 e - a scroll of immolation
 f - a scroll of fog
 g - a scroll of fear {unknown}
 i - a scroll of brand weapon {unknown}
 j - 6 scrolls of teleportation
 m - 2 scrolls of poison
 o - a scroll of enchant armour
 p - a scroll of amnesia
 s - a scroll of enchant weapon
 t - a scroll of magic mapping
 u - a scroll of blinking {unknown}
Potions
 a - a potion of haste {unknown}
 b - 2 potions of lignification
 l - 2 potions of attraction
 r - a potion of resistance {unknown}
 w - a potion of invisibility {unknown}
 x - a potion of brilliance {unknown}
 z - a potion of ambrosia {unknown}


   Skills:
 + Level 6.1 Fighting
 + Level 5.2 Dodging
 + Level 3.8 Stealth
 + Level 11.9 Unarmed Combat
 - Level 4.0 Spellcasting
 - Level 6.0 Transmutations
 - Level 4.0 Ice Magic


You had 7 spell levels left.
You knew the following spells:

 Your Spells              Type           Power      Damage    Failure   Level
a - Beastly Appendage     Tmut           58%        N/A       5%          1
b - Wereblood             Tmut           29%        N/A       7%          2
c - Spider Form           Tmut/Pois      16%        N/A       26%         3
d - Ice Form              Ice/Tmut       25%        N/A       34%         4

Your spell library contained the following spells:

 Spells                   Type           Power      Damage    Failure   Level
 Sting                    Tmut/Pois      64%        1d6       12%         1
 Poisonous Vapours        Pois/Air       8%         N/A       38%         2
 Alistair's Intoxication  Tmut/Pois      10%        N/A       85%         5
 Olgreb's Toxic Radiance  Pois           4%         N/A       89%         4
 Borgnjor's Vile Clutch   Necr/Erth      2%         N/A       99%         5
 Eringya's Noxious Bog    Tmut/Pois      8%         N/A       100%        6


Dungeon Overview and Level Annotations

Branches:
Dungeon (8/15)             Temple (1/1) D:6
   Lair: D:8-11

Altars:
Cheibriados
Dithmenos
Elyvilon
Fedhas
Hepliaklqana
Kikubaaqudgha
Makhleb
Okawaru
Ru
Uskayaw
Vehumet
Wu Jian
Xom
Yredelemnul
The Shining One

Shops:
D:2 (!!*


Innate Abilities, Weirdness & Mutations

You are a venomous arachnid creature.
You have venomous fangs.
You are tiny and dextrous.
Your spellcasting is less reliable in this form.
Your armour is entirely melded.
You are incapable of wielding weapons or throwing items.
((You are very nimble when in or above water. (Stealth+, EV+, Speed+++)))
((Your lower body shifts to a powerful aquatic tail in water.))


Message History

The orc barely misses you. The orc completely misses you.
You hit the orc warrior but do no damage.
The orc warrior looks as sick as possible!
The orc warrior is almost dead.
You hear a shout!
The orc warrior hits you with a +0 mace!
* * * LOW HITPOINT WARNING * * *
Something closely misses you.
The orc zaps a wand.
You easily resist.
The orc barely misses you.
You spin and attack the orc repeatedly.
You hit the orc.
The orc is poisoned.
The orc is heavily wounded.
You bite the orc!
You feel a bit better.
You kill the orc!
The Council accepts your kill.
You kill the orc warrior!
The Council accepts your kill.
The orc zaps a wand.
You easily resist.
Something hits you.
* * * LOW HITPOINT WARNING * * *
You hiss as the wereblood boils in your veins!
The orc completely misses you. Something closely misses you.
Your primal bloodlust is almost over.
The orc zaps a wand.
You easily resist.
You hit something. Something hits you.
* * * LOW HITPOINT WARNING * * *
Unknown command.
You spin and attack the orc repeatedly.
You hit the orc.
The orc is poisoned.
The orc is lightly wounded.
You bite the orc!
You feel a bit better.
You kill the orc!
The Council accepts your kill.
You hear some strange, mumbled words.
A magic dart appears from out of thin air!
The magic dart hits you!
* * * LOW HITPOINT WARNING * * *
You spin and attack the troll.
You bite the troll!
The troll is moderately wounded.
The troll completely misses you. The troll claws you!
You die...

#..................,,,,,,,
#...................,,,,,,
#....................,,,,,
#....................,,,,,
#.....)).............,,,,,
*#+#...).)...........,,,,,
###.#..)..............,,,,,
#.....................,,,,,
#........{s...........,,,,,
#........T............,,,,,
#..........................
#...#.....................,
#...#....................,,
#...#...................,,,
#.,,#...................,,,
*,,,#..................,,,.
*,,,#...###...######)#****#


You could see a troll.

Vanquished Creatures
  A two-headed ogre (D:7)
  A gargoyle (D:8)
  Grinder (D:3)
  A wyvern (D:8)
  A steam dragon (D:7)
  Eustachio (D:5)
  Duvessa (D:5)
  A water moccasin (D:6)
  2 ice beasts
  An orc warrior (D:8)
  2 sky beasts (D:7)
  4 centaurs
  2 phantoms
  2 bullfrogs
  A scorpion (D:7)
  8 wights
  Dowan (D:5)
  5 killer bees (D:7)
  A howler monkey (D:6)
  An electric eel (D:6)
  2 jellies
  5 hounds
  2 orc priests
  An iguana (D:6)
  4 orc wizards
  5 adders
  A shadow imp (D:6)
  2 white imps (D:7)
  An ufetubus (D:6)
  3 worms
  3 dart slugs
  22 orcs
  5 ball pythons
  7 endoplasms
  7 goblins
  A hobgoblin (D:1)
  8 jackals
  2 kobolds
  2 quokkas
  4 bats
  5 frilled lizards
  2 rats (D:3)
132 creatures vanquished.

Notes
Turn   | Place    | Note
-------+----------+-------------------------------------------
     0 | D:1      | growler the Merfolk Transmuter began the quest for the Orb.
     0 | D:1      | Reached XP level 1. HP: 15/15 MP: 3/3
    87 | D:1      | Found a faded altar of an unknown god.
   136 | D:1      | Reached XP level 2. HP: 21/21 MP: 3/5
   142 | D:1      | Learned a level 2 spell: Wereblood
   705 | D:2      | Found Xisuewne's Antique Weapon Shoppe.
   815 | D:2      | Found Kyoxumiu's General Store.
   864 | D:2      | Reached XP level 3. HP: 26/26 MP: 4/6
   868 | D:2      | Learned a level 3 spell: Spider Form
   937 | D:2      | Found Vuz Ogoz's Distillery.
  1143 | D:2      | Found Tatzarettu's Distillery.
  1259 | D:2      | You fall into a shaft and drop 1 floor!
  1349 | D:3      | Noticed Grinder
  1365 | D:3      | Paralysed by Grinder for 3 turns
  1369 | D:3      | Paralysed by Grinder for 3 turns
  1374 | D:3      | Killed Grinder
  1375 | D:3      | Reached skill level 6 in Unarmed Combat
  1375 | D:3      | Reached XP level 4. HP: 32/32 MP: 5/8
  1375 | D:3      | Reached XP level 5. HP: 37/37 MP: 5/9
  1380 | D:3      | Learned a level 4 spell: Ice Form
  1623 | D:3      | Found an ancient bone altar of Kikubaaqudgha.
  1625 | D:3      | Found a blossoming altar of Fedhas.
  1661 | D:3      | Reached XP level 6. HP: 40/43 MP: 10/10
  2554 | D:4      | Found a white marble altar of Elyvilon.
  2633 | D:4      | Found a hazy altar of Hepliaklqana.
  2633 | D:4      | Found a burning altar of Makhleb.
  2919 | D:4      | Reached skill level 7 in Unarmed Combat
  3268 | D:5      | Entered Level 5 of the Dungeon
  3349 | D:5      | Reached XP level 7. HP: 13/48 MP: 11/11
  3497 | D:5      | Reached skill level 8 in Unarmed Combat
  3596 | D:5      | Noticed Duvessa
  3596 | D:5      | Noticed Dowan
  3604 | D:5      | Killed Duvessa
  3610 | D:5      | Killed Dowan
  3859 | D:5      | Noticed Eustachio
  3871 | D:5      | Killed Eustachio
  3872 | D:5      | Reached skill level 9 in Unarmed Combat
  4132 | D:5      | Reached XP level 8. HP: 20/54 MP: 9/12
  4736 | D:6      | Found a staircase to the Ecumenical Temple.
  4745 | Temple   | Entered the Ecumenical Temple
  4795 | Temple   | Became a worshipper of the Wu Jian Council
  5174 | D:6      | Reached skill level 10 in Unarmed Combat
  5304 | D:6      | Found a sacrificial altar of Ru.
  5328 | D:6      | Reached skill level 1 in Ice Magic
  6003 | D:7      | Reached skill level 5 in Transmutations
  6041 | D:7      | Reached * piety under Wu Jian
  6258 | D:7      | Reached XP level 9. HP: 63/63 MP: 9/14
  6466 | D:7      | Noticed a two-headed ogre
  6643 | D:7      | Killed a two-headed ogre
  6644 | D:7      | Reached skill level 11 in Unarmed Combat
  6880 | D:7      | Reached skill level 1 in Stealth
  6889 | D:7      | Reached skill level 5 in Fighting
  7519 | D:8      | Noticed a troll
  7557 | D:8      | Noticed a gargoyle
  7563 | D:8      | Killed a gargoyle
  7564 | D:8      | Reached XP level 10. HP: 70/74 MP: 11/16
  7867 | D:8      | Reached skill level 5 in Dodging
  7991 | D:8      | Reached ** piety under Wu Jian
  8012 | D:8      | Slain by a troll

Illustrated notes

Levels and vault maps discovered:
D:1:      dpeg_arrival_solitude, layout_rooms, shapermc_ecumenical_altar_gd,
          hangedman_abyss_or_decor_lesser_grid, minmay_liquid_box,
          nicolae_figureground_pulse
D:2:      layout_loops_ring, serial_shops, nicolae_shop_rolling_square, shop,
          nicolae_shop_pleasant_corner_grove, shop
D:3:      minmay_general_purpose_star, layout_basic,
          grunt_temple_overflow_growth_and_decay, uniq_grinder
D:4:      layout_basic, amcnicky_altar_gilded,
          gammafunk_temple_overflow_elements
D:5:      layout_basic, minmay_misc_feat_doors, uniq_eustachio, uniq_duvessa
D:6:      layout_cave_pools, nicolae_ru_awakened_eye,
          minmay_temple_entry_poolview, water_maze_lemuel
D:7:      layout_loops_ring
D:8:      layout_basic
Temple:   nicolae_temple_superstar

Skill      XL: |  1  2  3  4  5  6  7  8  9 10 |
---------------+-------------------------------+-----
Transmutations | 3 4 5 6 |  6.0
Unarmed Combat | 6 7 9 10 11 | 11.9
Spellcasting   | 3 4 |  4.0
Ice Magic      | 2 4 |  4.0
Fighting       | 3 5 6 |  6.1
Dodging        | 4 5 |  5.2
Stealth        | 2 3 |  3.8

Action                     |  1- 3 |  4- 6 |  7- 9 | 10-12 || total
---------------------------+-------+-------+-------+-------++-------
  Melee: Unarmed           |   112 |   105 |   195 |    53 ||   465
         Headbutt          |     8 |     9 |     6 |     3 ||    26
         Punch             |     2 |     1 |     6 |     3 ||    12
         Tailslap          |       |       |     1 |       ||     1
   Cast: Beastly Appendage |    16 |     8 |     8 |     3 ||    35
         Wereblood         |     3 |     1 |     2 |     2 ||     8
         Spider Form       |     1 |     1 |     9 |     2 ||    13
         Ice Form          |       |       |    10 |     2 ||    12
Ability: Lunge             |       |       |    15 |     2 ||    17
         Whirlwind         |       |       |       |    11 ||    11
    Use: Scroll            |       |     4 |     6 |       ||    10
         Potion            |       |       |     1 |       ||     1
   Stab: Sleeping          |     1 |     1 |       |     1 ||     3
 Armour: Robe              |    25 |    12 |     8 |       ||    45
         Skin              |       |     3 |    11 |     2 ||    16
         Steam dragon scal |       |       |       |     5 ||     5
  Dodge: Dodged            |    81 |    62 |    83 |    39 ||   265
